AoeStats
← jphilkill

Nomad

508197439Analyzed
4v4 RM · 11d ago on Sep 21, 2026· 64m 53s· 8 players
Game mode
Random Map
Map size
231×231
Population
200
Speed
Normal
Resources
Standard
Victory
Conquest
Starting age
Dark Age
Ending age
Imperial Age
RankedLock teamsTeams togetherTeam positionsShared explorationLock speedFull tech treeHidden civsTurbo modeCheats
Victory
Defeat
🇩🇪 Huns · Germany
834
+17
🇦🇺 Chinese · Australia
829
+17
🇨🇳 Tatars · China
822
+17
🇨🇳 Khmer · China
820
+18
🇪🇸 Persians · Spain
970
-21
🇪🇸 Khmer · Spain
837
-17
🇳🇱 Chinese · Netherlands
812
-16
🇨🇳 Inca · China
804
-15
Anglo K
4:06 Loom
15:01 Feudal Age
16:33 Wheelbarrow
19:52 Castle Age
18:03 Double-Bit Axe
21:30 Bow Saw
21:06 Horse Collar
23:23 Hand Cart
23:43 Heavy Plow
24:34 Stone Mining
29:22 Fletching
29:33 Padded Archer Armor
29:33 Gold Mining
30:18 Stone Shaft Mining
30:51 Crossbowman
31:31 Bodkin Arrow
31:51 Leather Archer Armor
35:09 Imperial Age
33:08 Ballistics
33:50 Gold Shaft Mining
33:44 Scale Mail Armor
33:55 Forging
33:15 Elite Skirmisher
35:01 Thumb Ring
35:45 Chain Mail Armor
36:06 Iron Casting
34:55 Pikeman
35:36 Squires
36:00 Bracer
36:41 Arbalester
38:49 Chemistry
37:37 Halberdier
41:03 Two-Man Saw
41:33 Ring Archer Armor
41:34 Plate Mail Armor
42:04 Blast Furnace
41:29 Bombard Tower
45:34 Capped Ram
48:02 Caravan
48:40 Siege Ram
61:46 Scale Barding Armor
61:56 Fortified Wall
61:41 Murder Holes
61:57 Masonry
61:58 Careening
61:58 Clinker Construction
62:09 Shipwright
61:54 Siphons
61:40 Guard Tower
61:40 Heated Shot
61:36 Arrowslits
62:17 Sanctity
61:58 Devotion
61:53 Herbal Medicine
62:24 Illumination
61:59 Atonement
62:10 Fervor
62:15 Block Printing
62:36 Theocracy
61:29 Heavy Cavalry Archer
64:43 Medium Warships
jphilkill
3:43 Loom
17:20 Feudal Age
18:33 Double-Bit Axe
18:33 Horse Collar
22:23 Castle Age
23:11 Wheelbarrow
24:28 Medium Warships
26:41 Demolition Ship
33:18 Hand Cart
33:42 Heavy Plow
33:54 Bow Saw
36:05 Gold Mining
36:06 Stone Mining
37:42 Pikeman
38:23 Squires
38:35 Forging
38:25 Scale Mail Armor
38:31 Scale Barding Armor
38:27 Padded Archer Armor
38:17 Fletching
42:52 Imperial Age
44:32 Conscription
44:15 Marauders
43:39 Cavalier
44:30 Bloodlines
44:21 Husbandry
45:01 Chain Barding Armor
48:17 Gold Shaft Mining
48:24 Plate Barding Armor
47:46 Elite Skirmisher
48:31 Thumb Ring
50:11 Halberdier
YellowyGnu8986
5:21 Loom
16:54 Feudal Age
20:30 Castle Age
19:08 Horse Collar
19:39 Double-Bit Axe
21:10 Wheelbarrow
21:51 Bow Saw
22:06 Heavy Plow
25:59 Hand Cart
28:56 Gold Mining
30:24 Stone Mining
37:15 Imperial Age
35:10 Fletching
35:21 Padded Archer Armor
35:33 Forging
35:32 Scale Barding Armor
36:21 Bloodlines
37:31 Gold Shaft Mining
37:48 Stone Shaft Mining
37:37 Husbandry
38:16 Iron Casting
38:24 Ballistics
39:06 Chain Barding Armor
40:08 Conscription
39:51 Double Crossbow
39:54 Tusk Swords
43:13 Blast Furnace
42:32 Pikeman
43:02 Elite Ballista Elephant
43:46 Elite Battle Elephant
47:00 Plate Barding Armor
46:41 Leather Archer Armor
46:23 Bodkin Arrow
48:09 Halberdier
48:35 Arson
49:56 Chemistry
51:32 Bracer
52:04 Ring Archer Armor
58:17 Light Cavalry
64:20 Hussar
64:29 Spies/Treason
noob
13:30 Loom
15:36 Feudal Age
16:23 Horse Collar
18:58 Double-Bit Axe
21:51 Castle Age
24:01 Heavy Plow
25:17 Fletching
26:41 Bow Saw
33:41 Bodkin Arrow
34:11 Ballistics
35:59 Medium Warships
36:01 Gold Mining
38:15 Padded Archer Armor
38:58 Town Watch
39:44 Leather Archer Armor
39:44 Bloodlines
39:35 Husbandry
41:17 Wheelbarrow
46:07 Imperial Age
44:50 Silk Armor
45:38 Hand Cart
45:24 Town Patrol
46:44 Scale Barding Armor
47:05 Bracer
47:37 Ring Archer Armor
47:27 Block Printing
48:00 Conscription
50:01 Gold Shaft Mining
49:18 Stone Mining
51:11 Chain Barding Armor
51:05 Forging
51:50 Crop Rotation
57:26 Elite Keshik
57:32 Heavy Cavalry Archer
59:43 Plate Barding Armor
59:44 Iron Casting
60:14 Chemistry
59:21 Siege Engineers
63:34 Blast Furnace
62:36 Scale Mail Armor
62:50 Masonry
64:29 Bombard Tower
SupremeSEITAN
12:33 Loom
16:42 Feudal Age
17:50 Fishing Lines
18:55 Wheelbarrow
22:24 Castle Age
21:20 Double-Bit Axe
23:10 Wheelbarrow
26:13 Gillnets
27:38 Medium Warships
28:08 Bow Saw
28:15 Hand Cart
27:45 Town Watch
28:13 Husbandry
28:24 Bloodlines
28:53 Careening
28:53 Clinker Construction
29:05 Ballistics
30:39 Gold Mining
34:10 Masonry
37:05 Imperial Age
34:53 Forging
34:49 Scale Barding Armor
36:48 Iron Casting
36:05 Fletching
36:31 Stone Mining
38:05 Heavy Warships
38:03 Carvel Hull
38:03 Dry Dock
37:50 Siphons
38:46 Cavalier
41:16 Savar
42:51 Horse Collar
44:24 Chemistry
44:26 Heavy Plow
48:18 Blast Furnace
47:38 Chain Barding Armor
49:15 Two-Man Saw
49:42 Scale Mail Armor
50:41 Plate Barding Armor
50:36 Pikeman
51:16 Squires
51:02 Gambesons
51:37 Chain Mail Armor
52:30 Architecture
51:56 Murder Holes
51:33 Halberdier
52:45 Citadels
56:23 Gold Shaft Mining
56:26 Stone Shaft Mining
剑邪风行
9:25 Loom
15:55 Feudal Age
16:29 Double-Bit Axe
16:26 Horse Collar
16:32 Double-Bit Axe
23:18 Castle Age
22:16 Scale Mail Armor
22:28 Forging
33:35 Heavy Plow
34:08 Bow Saw
33:51 Gold Mining
34:45 Coinage
35:46 Stone Mining
35:58 Gold Mining
37:22 Stone Shaft Mining
38:01 Wheelbarrow
38:17 Gold Shaft Mining
40:47 Hand Cart
41:25 Squires
40:45 Pikeman
ApeteceMuchoNené
11:28 Loom
19:16 Feudal Age
21:11 Horse Collar
21:18 Double-Bit Axe
24:45 Castle Age
22:31 Fishing Lines
24:13 Gold Mining
24:17 Stone Mining
30:26 Bow Saw
33:11 Wheelbarrow
33:22 Caravan
34:20 Hand Cart
34:11 Heavy Plow
34:49 Gold Shaft Mining
34:57 Stone Shaft Mining
38:52 Husbandry
39:04 Bloodlines
39:06 Tusk Swords
38:53 Town Watch
41:41 Imperial Age
39:38 Town Patrol
47:38 Gillnets
49:08 Scale Mail Armor
49:19 Forging
49:47 Herbal Medicine
50:12 Chain Mail Armor
51:14 Iron Casting
55:17 Arson
54:53 Pikeman
56:07 Conscription
56:53 Blast Furnace
Ruli
10:42 Loom
16:00 Feudal Age
16:38 Double-Bit Axe
19:00 Fishing Lines
23:07 Gold Mining
30:08 Castle Age
29:40 Padded Archer Armor
29:31 Fletching
29:57 Forging
30:28 Crossbowman
31:14 Thumb Ring
31:55 Medium Warships
33:51 Demolition Ship
35:38 Wheelbarrow
39:17 Bow Saw
44:20 Stone Mining
46:45 Pikeman
50:15 Imperial Age
48:53 Hand Cart
52:12 Halberdier
Connection lost

Rejoining the realm…

Still unreachable

The connection could not be restored.

Session expired

The server has moved on; the page needs a fresh start.